 Dungeon Crawl Stone Soup version 0.19.1 (webtiles) character file.

24897 Host24 the Sharpshooter (level 13, 0/88 HPs)
             Began as a Kobold Hunter on Jan 26, 2017.
             Was the Champion of Okawaru.
             Slain by an azure jelly (4 damage)
             ... on level 5 of the Lair of Beasts.
             The game lasted 01:04:40 (19457 turns).

Host24 the Sharpshooter (Kobold Hunter)            Turns: 19457, Time: 01:04:41

Health: 0/88       AC: 20    Str: 14    XL:     13   Next: 46%
Magic:  17/19      EV: 33    Int: 12    God:    Okawaru [******]
Gold:   967        SH:  0    Dex: 22    Spells: 0 memorised, 12 levels left

rFire  . . .     SeeInvis .     G - +4 arbalest "Gussofim" {flame, Str+4}
rCold  . . .     Gourm    .     N - +5 leather armour "Immizell" {Dex+2 Slay+5}
rNeg   . . .     Faith    .     (shield currently unavailable)
rPois  .         Spirit   .     v - +0 helmet
rElec  .         Reflect  .     r - +1 cloak
rCorr  .         Harm     .     M - +1 pair of gloves {archery}
MR     .....                    y - +0 pair of boots
Stlth  ++++......               (no amulet)
                                W - +5 ring of protection
                                R - +3 ring of evasion

@: about to teleport, heroism
A: carnivore 3
a: Heroism, Finesse, Renounce Religion


You were on level 5 of the Lair of Beasts.
You worshipped Okawaru.
Okawaru was exalted by your worship.
You were completely stuffed.

You visited 3 branches of the dungeon, and saw 16 of its levels.
You also visited: Labyrinth and Ossuary.

You collected 967 gold pieces.

Inventory:

Hand Weapons
 a - a +2 hand crossbow of chaos
 j - a +4 spear of flaming
 k - a +2 dagger of venom
 q - a +2 triple crossbow of flaming
 G - the +4 arbalest "Gussofim" (weapon) {flame, Str+4}
   (Okawaru gifted it to you in a labyrinth)

   It causes projectiles fired from it to burn those they strike, causing extra
   injury to most foes and up to half again as much damage against particularly
   susceptible opponents.
   It affects your strength (+4).
Missiles
 d - 181 bolts (quivered)
 e - 24 poisoned needles
 g - 67 sling bullets
 m - 153 stones
 n - 34 arrows
Armour
 r - a +1 cloak (worn)
 u - the +6 leather armour "Buev" {rF+ rCorr Int-3}
   (You found it in a labyrinth)

   It affects your intelligence (-3).
   It protects you from fire.
   It protects you from acid and corrosion.
 v - a +0 helmet (worn)
 y - a +0 pair of boots (worn)
 I - a +2 plate armour of magic resistance
 M - a +1 pair of gloves of archery (worn)
 N - the +5 leather armour "Immizell" (worn) {Dex+2 Slay+5}
   (You found it on level 5 of the Dungeon)

   It affects your dexterity (+2).
   It affects your accuracy and damage with ranged weapons and melee attacks
   (+5).
 T - the +4 scale mail of the Blizzard {Regen+ Int-4 SInv}
   (You found it in a labyrinth)

   It affects your intelligence (-4).
   It lets you see invisible.
   It increases your rate of regeneration.
 Z - a +3 leather armour of poison resistance
Rods
 O - a +2 rod of clouds (13/13)
   (You found it in a labyrinth)
Jewellery
 p - an uncursed ring of protection from fire
 t - an uncursed ring of protection from magic
 C - an uncursed ring of ice
 P - an uncursed ring of positive energy
 Q - a +2 ring of slaying
 R - a +3 ring of evasion (left hand)
 W - a +5 ring of protection (right hand)
 X - an uncursed ring of flight
Wands
 h - a wand of polymorph (6/24)
 w - a wand of polymorph (4/24)
 D - a wand of lightning (10/15)
 J - a wand of flame (10/48)
 K - a wand of lightning (7/15)
 S - a wand of lightning (4/15)
 V - a wand of paralysis (12/24)
 Y - a wand of teleportation (2/9)
Scrolls
 c - a scroll of fog
 i - 4 scrolls of identify
 l - 4 scrolls of teleportation
 s - a scroll of amnesia
 x - 4 scrolls of fear
 F - a scroll of magic mapping
 H - a scroll of remove curse
 L - a scroll of recharging
Potions
 b - 4 potions of might
 o - 11 potions of curing
 z - a potion of invisibility
 A - 2 potions of haste
 B - a potion of cure mutation
 E - a potion of heal wounds
 U - 5 potions of agility
Comestibles
 f - 7 meat rations


   Skills:
 - Level 13.0(18.0) Fighting
 + Level 16.7(21.7) Crossbows
 - Level 10.1(15.1) Dodging
 - Level 1.3(6.3) Stealth
 - Level 8.7 Invocations


You had 12 spell levels left.
You didn't know any spells.

Dungeon Overview and Level Annotations

Branches:
Dungeon (9/15)             Temple (1/1) D:4            Lair (6/6) D:9
  Swamp (0/4) Lair:3       Spider (0/4) Lair:4        Slime (0/5) Lair:5
    Orc: D:9-12

Altars:
Ashenzari
Dithmenos
Elyvilon
Fedhas
Gozag
Hepliaklqana
Nemelex Xobeh
Okawaru
Qazlal
Ru
Sif Muna
Vehumet
Xom
The Shining One
Jiyva

Shops:
D:3 *   D:7 =

Annotations:
D:4 Host24's ghost, novice KoHu
Lair:4 Kirke


Innate Abilities, Weirdness & Mutations

You are small and have problems with some larger weapons.
You are carnivorous and can eat meat at any time.


Message History

The bolt burns the azure jelly.
The azure jelly is lightly wounded.
Firing (i - inventory. (,) - cycle):
d - 182 bolts (quivered)
Press: ? - help, Shift-Dir - straight line, f/p - azure jelly
Aim: an azure jelly (lightly wounded)
You shoot a bolt. The bolt barely misses the azure jelly.
The azure jelly jiggles.
The azure jelly hits you. The azure jelly freezes you!!
* * * LOW HITPOINT WARNING * * *
The azure jelly closely misses you. x2; The azure jelly completely misses you.
Evoke which item? (* to show all) (? for menu, Esc to quit)
Zapping:
Y - a wand of teleportation (will waste charges)
Press: ? - help, Shift-Dir - straight line, p - azure jelly Nothing appears to happen.
Evoking this partially-identified wand wasted a few charges.
The azure jelly misses you. The azure jelly closely misses you.
The azure jelly completely misses you. The azure jelly barely misses you.
As you read the scroll of teleportation, it crumbles to dust.
You feel strangely unstable. The azure jelly hits you.
You die...

.... .. .##.....?....# .....#.
.#.#.......... .......
.............. .......
............... .......
............... .......
.............## .#.P...
.............P# ##..#..
P....##....@.# #..###.
..............†J.## .#######.....
......P...P.%.....# ........P##.
.....?....#P.†.†..## .P..........
...Y..#...##.....#.##+PP##...P...
...>_.P...........###..####......
....(.............##...#.##....P#
........P(P...†...##..........###
......#..P#P.....................


You could see an azure jelly.

Vanquished Creatures
  A minotaur (Lab)
  2 hydras
  A lindwurm (Lair:6)
  4 elephants
  2 black mambas
  5 spiny frogs
  4 komodo dragons
  A merfolk (D:9)
  A jumping spider (Lair:4)
  2 trolls (D:9)
  A tyrant leech (Lair:3)
  4 hippogriffs
  A minotaur skeleton (Lab)
  5 blink frogs (Lair:5)
  9 redbacks
  5 dream sheep (Lair:4)
  2 wyverns (D:9)
  10 yaks
  6 hogs
  A basilisk (Lair:2)
  A hungry ghost (Lab)
  6 water moccasins
  Duvessa (D:6)
  4 porcupines
  3 ice beasts
  3 orc warriors
  A sky beast (D:8)
  14 black bears
  4 necrophages (D:6)
  2 phantoms
  3 wolves (Lair:3)
  3 ogres
  13 crocodiles
  7 centaurs
  2 big kobolds (D:9)
  2 gnoll sergeants (D:9)
  Dowan (D:6)
  9 bullfrogs
  10 scorpions
  A jelly (D:9)
  4 killer bees (D:8)
  6 wights (D:7)
  6 electric eels
  2 howler monkeys (D:7)
  3 centaur zombies
  3 crimson imps
  4 lava snakes (Lab)
  8 hounds
  3 bullfrog zombies
  A centaur skeleton (D:4)
  4 gnoll shamans (D:9)
  10 orc priests
  An iguana (D:9)
  Ijyb (D:3)
  13 orc wizards
  8 worker ants
  A killer bee zombie (D:9)
  2 big kobold zombies (Ossuary)
  2 hound skeletons
  3 mummies (Ossuary)
  Robin (D:2)
  A worker ant zombie (D:5)
  11 adders
  4 scorpion zombies (Ossuary)
  2 shadow imps (D:8)
  An ooze (D:1)
  6 worms
  2 dart slugs
  5 leopard geckos
  45 orcs
  2 ball pythons
  6 giant cockroaches
  20 goblins
  12 hobgoblins
  5 jackals
  7 quokkas
  9 bats
  7 frilled lizards
  A gnoll zombie (Ossuary)
  A goblin zombie (Ossuary)
  3 hobgoblin zombies (Ossuary)
  A jackal skeleton (D:4)
  10 kobolds
  4 kobold zombies (Ossuary)
  2 orc zombies (Ossuary)
  A quokka skeleton (D:4)
  A quokka zombie (D:7)
  9 rats
  A fungus (Lair:4)
  3 plants
425 creatures vanquished.

Vanquished Creatures (others)
  A bush (D:6)
  A fungus (Lair:3)
  15 plants
17 creatures vanquished.

Grand Total: 442 creatures vanquished

Notes
Turn   | Place    | Note
-------+----------+-------------------------------------------
     0 | D:1      | Host24 the Kobold Hunter began the quest for the Orb.
     0 | D:1      | Reached XP level 1. HP: 12/12 MP: 1/1
    99 | D:1      | Reached XP level 2. HP: 7/18 MP: 2/2
   563 | D:1      | Reached skill level 5 in Crossbows
   875 | D:1      | Reached XP level 3. HP: 20/23 MP: 3/3
  1331 | D:2      | Noticed Robin
  1801 | D:2      | Reached XP level 4. HP: 28/28 MP: 4/4
  1976 | D:2      | Killed Robin
  2162 | D:2      | Found a deep blue altar of Sif Muna.
  2403 | D:3      | Found a glowing golden altar of the Shining One.
  2568 | D:3      | Reached XP level 5. HP: 29/33 MP: 5/5
  2620 | D:3      | Noticed Ijyb
  2633 | D:3      | Killed Ijyb
  2805 | D:3      | Found an opulent altar of Gozag.
  2808 | D:3      | Found Gozag's Platinum Reserve.
  2953 | D:3      | Reached skill level 5 in Fighting
  3456 | D:4      | Reached XP level 6. HP: 33/40 MP: 6/6
  3509 | D:4      | Found a staircase to the Ecumenical Temple.
  3542 | Temple   | Entered the Ecumenical Temple
  3610 | Temple   | Became a worshipper of Warmaster Okawaru
  3683 | D:4      | Noticed a phantom
  3692 | D:4      | Killed a phantom
  3872 | D:4      | Reached XP level 7. HP: 36/47 MP: 7/7
  4369 | D:4      | Noticed Host24's ghost (novice KoHu)
  4839 | D:4      | Reached * piety under Okawaru
  5245 | D:5      | Entered Level 5 of the Dungeon
  5338 | D:5      | Got a spiked chain mail
  5341 | D:5      | Identified the +4 chain mail "Bingal" {rF+} (You found it on level 5 of the Dungeon)
  5402 | D:5      | Got a steaming scale mail
  5403 | D:5      | Identified the +0 scale mail of the Hart {rN+ Int-3 SInv} (You found it on level 5 of the Dungeon)
  5457 | D:5      | Reached skill level 6 in Crossbows
  5552 | D:5      | Got a translucent leather armour
  5553 | D:5      | Identified the +5 leather armour "Immizell" {Dex+2 Slay+5} (You found it on level 5 of the Dungeon)
  5723 | D:5      | Found a sparkling altar of Nemelex Xobeh.
  5776 | D:5      | Found a radiant altar of Vehumet.
  6190 | D:6      | Found a sand-covered staircase.
  6200 | D:6      | Reached skill level 7 in Crossbows
  6261 | D:6      | Noticed Dowan
  6266 | D:6      | Noticed Duvessa
  6270 | D:6      | Reached XP level 8. HP: 44/53 MP: 8/8
  6274 | D:6      | Killed Duvessa
  6274 | D:6      | Reached skill level 8 in Crossbows
  6277 | D:6      | Killed Dowan
  6389 | D:6      | Reached ** piety under Okawaru
  6389 | D:6      | Reached skill level 9 in Crossbows
  6565 | Ossuary  | Entered an ossuary
  6608 | Ossuary  | Reached skill level 10 in Crossbows
  6734 | Ossuary  | Reached skill level 5 in Dodging
  6801 | Ossuary  | Reached XP level 9. HP: 49/57 MP: 9/9
  7179 | Ossuary  | Reached *** piety under Okawaru
  7220 | Ossuary  | Received a gift from Okawaru
  7393 | D:6      | Reached skill level 1 in Invocations
  7566 | D:6      | Found a blossoming altar of Fedhas.
  7847 | D:6      | Reached skill level 5 in Invocations
  8011 | D:7      | Found a stormy altar of Qazlal.
  8011 | D:7      | Found a hazy altar of Hepliaklqana.
  8040 | D:7      | Found a shimmering altar of Xom.
  8042 | D:7      | Found a blossoming altar of Fedhas.
  8043 | D:7      | Found a sacrificial altar of Ru.
  8073 | D:7      | Received a gift from Okawaru
  8073 | D:7      | Reached XP level 10. HP: 63/63 MP: 14/14
  8144 | D:7      | Found Ickeuth's Jewellery Shop.
  9056 | D:8      | Reached **** piety under Okawaru
  9472 | D:8      | Reached skill level 10 in Fighting
  9479 | D:8      | Received a gift from Okawaru
 10208 | D:9      | Reached ***** piety under Okawaru
 10267 | D:9      | Reached skill level 11 in Crossbows
 10267 | D:9      | Reached XP level 11. HP: 73/74 MP: 15/15
 11151 | D:9      | Received a gift from Okawaru
 11171 | D:9      | Reached skill level 12 in Crossbows
 11846 | D:9      | Found a staircase to the Lair.
 11894 | D:9      | Reached skill level 13 in Crossbows
 12011 | D:9      | Found a sparkling altar of Nemelex Xobeh.
 12135 | D:9      | Received a gift from Okawaru
 12177 | D:9      | Got a bloodstained long sword {freeze}
 12191 | D:9      | Identified the +8 long sword "Veimpoux" {freeze, Fragile Int+10} (You took it off an orc on level 9 of the Dungeon)
 12946 | D:9      | Gained mutation: You have large cloven feet. [potion of mutation]
 12946 | D:9      | Gained mutation: Armour fits poorly on your strangely shaped body. [potion of mutation]
 12946 | D:9      | Gained mutation: Scrolls take you a little longer to read. [potion of mutation]
 13213 | Lair:1   | Entered Level 1 of the Lair of Beasts
 13308 | Lair:1   | Reached skill level 10 in Dodging
 13845 | Lair:1   | Lost mutation: Scrolls take you a little longer to read. [potion of cure mutation]
 13845 | Lair:1   | Lost mutation: Armour fits poorly on your strangely shaped body. [potion of cure mutation]
 13845 | Lair:1   | Lost mutation: You have large cloven feet. [potion of cure mutation]
 14172 | Lair:1   | Received a gift from Okawaru
 14497 | Lair:2   | Reached XP level 12. HP: 68/80 MP: 18/18
 14620 | Lair:2   | Identified a scroll of acquirement
 15125 | Lair:3   | Received a gift from Okawaru
 15246 | Lair:3   | Received a gift from Okawaru
 16045 | Lair:3   | Found a staircase to the Swamp.
 16658 | Lair:4   | Noticed Kirke
 17143 | Lair:4   | Reached skill level 14 in Crossbows
 17148 | Lair:4   | Found a hole to the Spider Nest.
 17760 | Lair:4   | Noticed a five-headed hydra
 17768 | Lair:4   | Killed a five-headed hydra
 17768 | Lair:4   | Received a gift from Okawaru
 18042 | Lair:4   | Found a deep blue altar of Sif Muna.
 18077 | Lair:4   | Reached XP level 13. HP: 88/88 MP: 19/19
 18116 | Lair:4   | You fall through a shaft for 2 floors!
 18116 | Lair:6   | Entered Level 6 of the Lair of Beasts
 18116 | Lair:6   | Noticed a seven-headed hydra
 18128 | Lair:6   | Killed a seven-headed hydra
 18128 | Lair:6   | Reached skill level 15 in Crossbows
 18154 | Lair:6   | Reached ****** piety under Okawaru
 18178 | Lair:6   | Received a gift from Okawaru
 18389 | Lair:5   | Found a viscous altar of Jiyva.
 18389 | Lair:5   | Found a staircase to the Slime Pits.
 18421 | Lair:5   | Found a labyrinth entrance.
 18436 | Lab      | Entered a labyrinth
 18544 | Lab      | Found an exit through the horrors of the Abyss.
 18595 | Lab      | Noticed a minotaur
 18600 | Lab      | Killed a minotaur
 18600 | Lab      | Received a gift from Okawaru
 18601 | Lab      | Got a brightly glowing arbalest {god gift}
 18602 | Lab      | Identified the +4 arbalest "Gussofim" {flame, Str+4} (Okawaru gifted it to you in a labyrinth)
 18720 | Lab      | Reached skill level 16 in Crossbows
 19021 | Lab      | Got a translucent leather armour
 19055 | Lab      | Identified the +6 leather armour "Buev" {rF+ rCorr Int-3} (You found it in a labyrinth)
 19056 | Lab      | Identified a +2 rod of clouds (13/13) (You found it in a labyrinth)
 19059 | Lab      | Got a slimy scale mail
 19065 | Lab      | Identified the +4 scale mail of the Blizzard {Regen+ Int-4 SInv} (You found it in a labyrinth)
 19449 | Lair:5   | Noticed an azure jelly
 19455 | Lair:5   | HP: 4/88 [azure jelly (28)]
 19457 | Lair:5   | Slain by an azure jelly

Skill      XL: |  1  2  3  4  5  6  7  8  9 10 11 12 13 |
---------------+----------------------------------------+-----
Fighting       | 3 4 5 6 7 11 13 | 13.0
Crossbows      | 5 7 10 11 13 14 16 | 16.7
Dodging        | 4 5 8 10 | 10.1
Invocations    | 6 8 |  8.7
Stealth        | |  1.3

Action                   |  1- 3 |  4- 6 |  7- 9 | 10-12 | 13-15 || total
-------------------------+-------+-------+-------+-------+-------++-------
Melee: Short sword       |    11 |       |       |       |       ||    11
       Dagger            |   114 |   223 |   455 |   853 |    31 ||  1676
       Spear             |       |       |       |       |    24 ||    24
 Fire: Hand crossbow     |     3 |    39 |    68 |   163 |       ||   273
       Shortbow          |       |       |    24 |       |       ||    24
       Arbalest          |       |       |       |     7 |    62 ||    69
Throw: Stone             |       |       |     2 |       |       ||     2
Invok: Heroism           |       |       |       |     3 |     2 ||     5
       Finesse           |       |       |       |       |     1 ||     1
Evoke: Wand              |       |       |       |       |     1 ||     1
  Use: Scroll            |       |       |    14 |     8 |     4 ||    26
       Potion            |       |       |       |    17 |     1 ||    18
 Stab: Sleeping          |       |     5 |     3 |     5 |       ||    13
       Distracted        |       |       |     2 |       |       ||     2
  Eat: Chunk             |    11 |     6 |    15 |    29 |     9 ||    70
       Pizza             |       |       |       |       |     1 ||     1
Armor: Leather armour    |    37 |    77 |   107 |   249 |    14 ||   484
Dodge: Dodged            |   119 |   193 |   284 |   987 |    94 ||  1677
